 Dungeon Crawl Stone Soup version 0.32-a0-996-gb3226c233f (webtiles) character file.

Game seed: 825997698476643530

190742 ragingrage the Marksnaga (level 18, -2/157 HPs)
             Began as a Naga Brigand on Apr 23, 2024.
             Was an Elder of Hepliaklqana.
             Slain by a naga warrior
             ... wielding a +0 hand axe
              (14 damage)
             ... on level 3 of the Snake Pit.
             The game lasted 00:33:58 (33919 turns).

ragingrage the Marksnaga (Naga Brigand)            Turns: 33919, Time: 00:33:58

Health: -2/157     AC: 39    Str: 12    XL:     18   Next: 17%
Magic:  21/24      EV:  0    Int: 14    God:    Hepliaklqana [****..]
Gold:   3167       SH:  0    Dex: 29    Spells: 17/17 levels left

rFire   x . .        w - +7 longbow (freeze)
rCold   + + +        (shield currently unavailable)
rNeg    . . .        T - +8 ice dragon scales "Xeewn" {rF- rC++ Regen+ Dex+5}
rPois   .            X - +1 helmet
rElec   .            v - +2 cloak
rCorr   .            r - +2 pair of gloves
SInv    +            Q - +1 barding {rC+}
Will    ++...        J - amulet of the Endless Expanse {Acrobat ^Contam Int+2 Slay+2 Stlth+}
Stlth   +++++        E - +4 ring of slaying
HPRegen 1.26/turn    d - +4 ring of slaying
MPRegen 0.19/turn

%: acrobat
@: lethally poisoned (-2 -> -4), about to teleport, poison vulnerable,
constricted, studying Ice Magic, very slow
A: reduced essence, AC +6, large, see invisible, deformed body, poison
resistance, slowness 2, spit poison 1, naga tail 2, fangs 1, agile 1
}: 1/15 runes: decaying
a: Spit Poison, Renounce Religion, Recall Ancestor, Ancestor Identity,
Transference, Idealise


You were on level 3 of the Snake Pit.
You worshipped Hepliaklqana.
Hepliaklqana was greatly pleased with you.
You visited 5 branches of the dungeon, and saw 29 of its levels.
You also visited: Ossuary, Bailey and Ice Cave.

You collected 3264 gold pieces.
You spent 97 gold pieces at shops.

Inventory:

Hand Weapons
 a - the +2 hand cannon of Dithmenos's Hope {flame, rPois Will+ rCorr Str+3}
   (You found it on level 5 of the Lair of Beasts)

   Str+3:     It affects your strength (+3).
   rPois:     It protects you from poison.
   Will+:     It increases your willpower.
   rCorr:     It protects you from acid and corrosion.
 w - a +7 longbow of freezing (weapon)
 P - a +1 antimagic longbow
Missiles
 G - 6 datura-tipped darts
 I - 11 poisoned darts
 R - 5 curare-tipped darts
Armour
 r - a +2 pair of gloves (worn)
 v - a +2 cloak (worn)
 Q - a +1 barding of cold resistance (worn)
 T - the +8 ice dragon scales "Xeewn" (worn) {rF- rC++ Regen+ Dex+5}
   (You found it in an ice cave)

   Dex+5:     It affects your dexterity (+5).
   rF-:       It makes you vulnerable to fire.
   rC++:      It greatly protects you from cold.
   Regen+:    It increases your rate of health regeneration.
 V - a +2 leather armour of fire resistance
 X - a +1 helmet (worn)
 Y - a +0 buckler of protection
Jewellery
 d - a +4 ring of slaying (right hand)
 t - the ring "Utupp" {Will+ rCorr}
   (You found it on level 13 of the Dungeon)

   [ring of willpower]

   Will+:     It increases your willpower.
   rCorr:     It protects you from acid and corrosion.
 E - a +4 ring of slaying (left hand)
 H - a ring of willpower
 J - the amulet of the Endless Expanse (around neck) {Acrobat ^Contam Int+2 Slay+2 Stlth+}
   (You found it on level 1 of the Swamp)

   [amulet of the acrobat]

   Acrobat:   It increases your evasion while moving and waiting.
   Int+2:     It affects your intelligence (+2).
   Slay+2:    It affects your accuracy & damage with ranged weapons and melee
   (+2).
   ^Contam:   It causes magical contamination when unequipped.
   Stlth+:    It makes you more stealthy.
Wands
 b - a wand of flame (69)
 c - a wand of polymorph (2)
 o - a wand of mindburst (6)
 x - a wand of iceblast (17)
 K - a wand of digging (6)
 U - a wand of light (21)
 W - a wand of charming (9)
Scrolls
 e - 3 scrolls of torment
 f - 8 scrolls of noise
 g - 3 scrolls of poison
 i - 13 scrolls of teleportation
 p - 6 scrolls of blinking
 q - 2 scrolls of identify
 u - 10 scrolls of amnesia
 y - 5 scrolls of fear
 F - 7 scrolls of fog
 M - a scroll of brand weapon
 N - 4 scrolls of immolation
 O - 6 scrolls of revelation
 Z - 2 scrolls of silence
Potions
 h - 2 potions of magic
 j - 4 potions of lignification
 k - a potion of invisibility
 l - 2 potions of ambrosia
 m - 3 potions of might
 n - 7 potions of curing
 s - 4 potions of brilliance
 z - 9 potions of enlightenment
 A - 3 potions of haste
 B - 2 potions of attraction
 C - 7 potions of mutation
 D - 6 potions of heal wounds
 L - 5 potions of resistance
 S - 5 potions of berserk rage


   Skills:
 - Level 14.0 Fighting
 - Level 2.6 Short Blades
 + Level 19.1 Ranged Weapons
 - Level 1.7 Throwing
 - Level 11.0 Armour
 - Level 10.0 Dodging
 - Level 10.0 Stealth
 - Level 4.0 Shields
 - Level 8.0 Invocations
 - Level 7.0 Evocations


You had 17 spell levels left.
You didn't know any spells.
Your spell library contained the following spells:

 Spells                   Type           Power      Damage    Failure   Level
 Apportation              Tloc           0%         N/A       80%         1
 Freeze                   Ice            0%         1d3       80%         1
 Kiss of Death            Conj/Necr      0%         2d5       80%         1
 Jinxbite                 Hex            0%         N/A       91%         2
 Dazzling Flash           Conj/Hex       0%         N/A       99%         3
 Frozen Ramparts          Ice            0%         1d1       99%         3
 Hailstorm                Conj/Ice       0%         3d5       99%         3
 Volatile Blastmotes      Fire/Tloc      0%         2d10      99%         3
 Cause Fear               Hex            0%         N/A       100%        4
 Fulminant Prism          Conj/Alch      0%         3d5       100%        4
 Iskenderun's Mystic Bla Conj/Tloc 0%             2d3        (+2d1     100%        4
 Leda's Liquefaction      Alch/Erth      0%         N/A       100%        4
 Passage of Golubria      Tloc           0%         N/A       100%        4
 Petrify                  Alch/Erth      0%         N/A       100%        4
 Summon Lightning Spire   Summ/Air       0%         N/A       100%        4
 Vhi's Electric Charge    Tloc/Air       0%         N/A       100%        4
 Alistair's Intoxication  Alch           0%         N/A       100%        5
 Arcjolt                  Conj/Air       0%         1d10      100%        5
 Fireball                 Conj/Fire      0%         3d3       100%        5
 Metabolic Englaciation   Hex/Ice        0%         N/A       100%        5
 Silence                  Hex/Air        0%         N/A       100%        5
 Summon Forest            Summ/Tloc      0%         N/A       100%        5
 Summon Mana Viper        Hex/Summ       0%         N/A       100%        5
 Conjure Ball Lightning   Conj/Air       0%         3x3d6     100%        6
 Gell's Gavotte           Tloc           0%         2d(11-16) 100%        6
 Starburst                Conj/Fire      0%         6d3       100%        6
 Summon Cactus Giant      Summ           0%         N/A       100%        6
 Discord                  Hex            0%         N/A       100%        8
 Disjunction              Tloc           0%         N/A       100%        8
 Fulsome Fusillade        Conj/Alch      0%         (3-5)d4   100%        8
 Lehudib's Crystal Spear  Conj/Erth      0%         10d2      100%        8
 Maxwell's Capacitive Co  Air            0%         ∞         100%        8
 Dragon's Call            Summ           0%         N/A       100%        9


Dungeon Overview and Level Annotations

Branches:
Dungeon (15/15)            Temple (0/1) D:6            Lair (5/5) D:11
  Swamp (4/4) Lair:2        Snake (3/4) Lair:2          Orc (2/2) D:9
    Elf (0/3) Orc:2        Vaults (0/5) D:13         Depths (0/4) D:15
Ossuary (visited)          Bailey (visited)           IceCv (visited)
  Slime: Lair:4-5

Altars:
Ashenzari
Cheibriados
Dithmenos
Elyvilon
Fedhas
Gozag
Hepliaklqana
Nemelex Xobeh
Okawaru
Qazlal
Uskayaw
Wu Jian
The Shining One
Beogh

Shops:
D:1 [   D:2 ?   D:14 [   Orc:2 [*![

Annotations:
Lair:2 exclusion: downstairs
Lair:5 exclusion: obsidian statue
Snake:1 exclusion: downstairs


Innate Abilities, Weirdness & Mutations

Your life essence is reduced to manifest your ancestor. (-10% HP)
Your serpentine skin is tough. (AC +6)
You have supernaturally acute eyesight. (SInv)
Armour fits poorly on your strangely shaped body.
Your system is resistant to poisons. (rPois)
You cover ground very slowly.
You can spit poison.
You can use your snake-like lower body to constrict enemies.
You have very sharp teeth.
You are agile. (Dex +4, Str/Int -1)


Message History

You are more poisoned.
Something bites Sagosueb but does no damage.
The guardian serpent hits you!
The anaconda bites you but does no damage.
The anaconda constricts you.
The guardian serpent hits you but does no damage.
Sagosueb blocks the naga's attack.
Something bites Sagosueb but does no damage.
The naga warrior hits you with a +0 hand axe!
* * * LOW HITPOINT WARNING * * *
Sagosueb blocks something's attack.
The guardian serpent hits you but does no damage.
You feel better.
* * * LOW HITPOINT WARNING * * *
You are poisoned.
The anaconda bites you.
* * * LOW HITPOINT WARNING * * *
The anaconda constricts you.
* * * LOW HITPOINT WARNING * * *
The guardian serpent hits you!
* * * LOW HITPOINT WARNING * * *
Something bites Sagosueb!
Sagosueb hits the guardian serpent with a +0 broad axe of flaming!
Sagosueb burns the guardian serpent.
Sagosueb hits the naga with a +0 broad axe of flaming!!
Sagosueb burns the naga!
Sagosueb hits something with a +0 broad axe of flaming!
Sagosueb burns something.
Sagosueb hits something with a +0 broad axe of flaming!!
Sagosueb burns something.
You feel a bit more experienced.
Sagosueb hits the naga ritualist with a +0 broad axe of flaming.
Sagosueb burns the naga ritualist.
The anaconda bites you!
* * * LOW HITPOINT WARNING * * *
The anaconda constricts you. The guardian serpent hits you.
* * * LOW HITPOINT WARNING * * *
The guardian serpent coils itself and waves its upper body at you.
You resist with almost no effort.
Sagosueb blocks the naga's attack.
The naga warrior hits you with a +0 hand axe!
You die...
Hepliaklqana delivers you to your ancestors.

#.# #.# . #.# .. #.# ...
#.# .†.. #)# N....
##.###############R)....
.))............N@SN)N...
...)..#........SS#......
........########## .....
...<..### ...# #######
###


You could see the friendly Sagosueb the knight (idealised), 2 naga warriors, an
anaconda (ally target), a naga ritualist (strong, toxic aura), 2 guardian
serpents and a naga (strong).

Vanquished Creatures
  Vashnia (Snake:2)
  Rupert (Snake:1)
  A fenstrider witch (Swamp:3)
  An azure jelly (IceCv)
  A nagaraja (Snake:3)
  An orc warlord (Bailey)
  A quicksilver ooze (IceCv)
  The ghost of BassonBusker the Scorcher, a journeyman MDFE of Ashenzari (Swamp:1)
  A stone giant (Orc:2)
  3 dire elephants (Lair:5)
  2 bunyips
  5 eleionomae
  Snorg (Orc:2)
  5 fire dragons
  A ghost crab (Swamp:3)
  A salamander tyrant (Snake:2)
  11 hydras
  8 centaur warriors
  An anaconda (Snake:1)
  5 boulder beetles
  9 alligators
  2 two-headed ogres
  7 death yaks
  A naga warrior (Lair:2)
  A shock serpent (Snake:1)
  2 spriggans
  2 orc high priests
  8 naga sharpshooters
  Sonja (Orc:1)
  A skyshark (Lair:3)
  A spectral death yak (Lair:5)
  3 skeletal warriors (D:15)
  6 goliath frogs
  2 salamander mystics
  A spectral anaconda (Lair:5)
  A mana viper (Snake:1)
  A spriggan druid (Swamp:3)
  An arcanist (D:12)
  A bog body (Swamp:1)
  9 swamp dragons
  4 lindwurms
  4 necromancers (Lair:5)
  A deep elf pyromancer (D:13)
  7 orc knights
  4 cyclopes
  8 salamanders
  2 orc sorcerers (Orc:2)
  5 will-o-the-wisps
  18 ugly things
  9 elephants
  6 naga magi
  An ice statue (IceCv)
  4 black mambas
  2 gargoyles
  A guardian serpent (Snake:1)
  7 cane toads
  2 kobold demonologists
  6 rime drakes
  An efreet (D:14)
  3 komodo dragons
  A tengu conjurer (D:15)
  3 polar bears
  7 trolls
  3 bloated husks
  6 tyrant leeches
  3 hornets
  13 blink frogs
  4 saltlings (Orc:2)
  A culicivora (shapeshifter) (D:15)
  21 slime creatures
  A vampire (D:11)
  29 yaks
  A yak (shapeshifter) (D:14)
  4 wyverns
  3 basilisks
  2 fire bats (Swamp:4)
  2 steam dragons
  3 wraiths
  A warg (Orc:1)
  Grum (Lair:1)
  8 vampire mosquitoes
  A spectral cane toad (Lair:5)
  14 swamp worms
  15 nagas
  A great orb of eyes simulacrum (IceCv)
  3 acid dragons
  15 water moccasins
  3 black bears
  27 orc warriors
  10 swamp drakes
  3 laughing skulls
  7 wolves (Lair:1)
  10 centaurs
  5 ogres
  An elephant skeleton (Lair:5)
  4 slime creature simulacra (IceCv)
  5 kobold brigands
  15 bullfrogs
  3 scorpions
  A cane toad simulacrum (Lair:5)
  8 glowing shapeshifter simulacra (IceCv)
  3 gnoll sergeants
  5 water moccasin zombies (Ossuary)
  7 wights
  A burial acolyte (Ossuary)
  7 killer bees
  A howler monkey (D:4)
  2 bombardier beetles
  An electric eel (D:12)
  3 hounds
  13 orc priests
  A gnoll bouda (D:6)
  3 jellies
  2 iguanas
  A sleepcap (D:5)
  16 orc wizards
  4 hell rats (Lair:5)
  3 shapeshifter simulacra (IceCv)
  2 bullfrog simulacra (Ossuary)
  2 mummies (Ossuary)
  21 gnolls
  11 adders
  A shadow imp (D:5)
  4 adder zombies (Ossuary)
  3 dart slugs
  A ribbon worm (D:2)
  82 orcs
  8 endoplasms
  A giant cockroach (D:1)
  9 gnoll zombies (Ossuary)
  21 goblins
  9 hobgoblins
  11 jackals
  3 quokkas
  5 ball pythons
  6 bats
  3 frilled lizards
  3 jackal zombies (Ossuary)
  15 kobolds
  5 orc zombies (Ossuary)
  7 rats
781 creatures vanquished.

Vanquished Creatures (collateral kills)
  A tengu reaver (D:15)
  An ironbound preserver (D:13)
  A dire elephant (Lair:5)
  An ettin (Orc:2)
  5 hydras
  3 centaur warriors
  2 anacondas (Snake:2)
  A tengu warrior (D:15)
  5 death yaks (Lair:5)
  3 two-headed ogres
  A deep troll earth mage (D:15)
  5 naga warriors
  3 naga sharpshooters
  Urug (Lair:1)
  Nergalle (D:10)
  A spectral death yak (Lair:5)
  A bog body (Swamp:1)
  A swamp dragon (Swamp:4)
  A lindwurm (Swamp:4)
  7 ugly things
  2 orc knights
  A cyclops (Orc:2)
  5 salamanders
  4 black mambas
  A guardian serpent (Snake:1)
  A naga mage (Snake:1)
  An ice statue (IceCv)
  A cane toad (Lair:1)
  5 komodo dragons
  An unseen horror (D:10)
  A freezing wraith (D:13)
  A kobold demonologist (D:13)
  2 trolls
  A tyrant leech (Swamp:3)
  2 blink frogs
  9 slime creatures
  A wyvern (Lair:3)
  A vampire (D:13)
  A wraith (D:11)
  9 yaks
  2 wargs (Orc:1)
  5 vampire mosquitoes
  A redback simulacrum (D:15)
  4 swamp worms
  An acid dragon (D:13)
  A spectral cane toad (Lair:5)
  A water moccasin (D:11)
  6 nagas
  7 orc warriors
  A black bear (D:11)
  A sky beast (D:8)
  A laughing skull (D:12)
  A wolf (Lair:1)
  5 centaurs
  An ogre (Orc:2)
  A bullfrog (Lair:1)
  3 glowing shapeshifter simulacra (IceCv)
  4 killer bees
  2 bombardier beetles
  3 orc priests (D:9)
  A gnoll bouda (D:8)
  4 orc wizards
  A hell rat (Lair:5)
  An ancestor (Bailey)
  6 gnolls
  An adder (D:5)
  2 white imps
  26 orcs
  6 hobgoblins (Bailey)
  A goblin (Bailey)
  A kobold (D:8)
196 creatures vanquished.

Vanquished Creatures (others)
  An orc knight (Orc:2)
  An elephant (Lair:5)
  An orc warrior (Bailey)
  2 swamp drakes (Swamp:4)
  24 knights
  3 ancestors
  A gnoll (Bailey)
  8 foxfires (Swamp:1)
41 creatures vanquished.

Grand Total: 1018 creatures vanquished

Notes
Turn   | Place    | Note
-------+----------+-------------------------------------------
     0 | D:1      | ragingrage the Naga Brigand began the quest for the Orb.
     0 | D:1      | Reached XP level 1. HP: 19/19 MP: 1/1
   434 | D:1      | Reached XP level 2. HP: 26/26 MP: 2/2
   790 | D:1      | Found Ucuafepp's Antique Armour Emporium.
  1193 | D:2      | Reached XP level 3. HP: 18/33 MP: 3/3
  1292 | D:2      | Reached skill level 1 in Ranged Weapons
  1312 | D:2      | Got the Octavo of the Postmortem Faeries
  1415 | D:2      | Reached XP level 4. HP: 42/42 MP: 4/4
  1420 | D:2      | Found Yxig's Magic Scroll Boutique.
  1426 | D:2      | Bought a scroll of poison for 52 gold pieces
  1601 | D:3      | Reached skill level 2 in Ranged Weapons
  1916 | D:3      | Reached skill level 3 in Ranged Weapons
  1916 | D:3      | Reached XP level 5. HP: 49/49 MP: 5/5
  2785 | D:4      | Reached skill level 4 in Ranged Weapons
  2848 | D:4      | Noticed an ogre
  2855 | D:4      | Killed an ogre
  2856 | D:4      | Reached XP level 6. HP: 56/56 MP: 6/6
  3110 | D:4      | Identified the +2 quarterstaff "Jajiug" {elec, Dex+3}
  3117 | D:4      | Reached skill level 5 in Ranged Weapons
  3349 | D:4      | Reached XP level 7. HP: 62/62 MP: 7/7
  3506 | D:4      | Found a hazy altar of Hepliaklqana.
  3657 | D:4      | Became a worshipper of Hepliaklqana the Forgotten
  3726 | D:4      | Reached skill level 6 in Ranged Weapons
  3932 | D:5      | Entered Level 5 of the Dungeon
  3932 | D:5      | Noticed a two-headed ogre
  3943 | D:5      | Killed a two-headed ogre
  3944 | D:5      | Reached skill level 8 in Ranged Weapons
  3944 | D:5      | Reached XP level 8. HP: 48/69 MP: 8/8
  4027 | D:5      | Found a white marble altar of Elyvilon.
  4075 | D:5      | Identified the +4 chain mail "Voleil" {Harm +Blink rPois
                  | rC+}
  4136 | D:5      | Found a sand-covered staircase.
  4147 | Ossuary  | Entered an ossuary
  4530 | Ossuary  | Reached skill level 9 in Ranged Weapons
  4885 | D:5      | Found a broken altar of Ashenzari.
  5044 | D:5      | Reached XP level 9. HP: 75/75 MP: 9/9
  5065 | D:5      | Reached skill level 10 in Ranged Weapons
  5065 | D:5      | Reached skill level 1 in Dodging
  5067 | D:5      | Reached * piety under Hepliaklqana
  6183 | D:6      | Found a staircase to the Ecumenical Temple.
  6665 | D:7      | Found a flagged portal.
  6692 | D:7      | Identified the +1 robe of the Slightly Bent {*Slow rF++
                  | Stlth+ Archmagi}
  6767 | Bailey   | Entered a bailey
  7031 | Bailey   | Reached skill level 5 in Fighting
  7278 | Bailey   | HP: 1/72 [orc warrior/+0 war axe (24)]
  7441 | Bailey   | Reached XP level 10. HP: 79/79 MP: 10/10
  7492 | Bailey   | Reached ** piety under Hepliaklqana
  7493 | Bailey   | Remembered your ancestor Sagosueb as a knight
  7549 | Bailey   | Noticed an orc warlord
  7570 | Bailey   | Killed an orc warlord
  7571 | Bailey   | Reached skill level 11 in Ranged Weapons
  7851 | Bailey   | Acquired 770 gold pieces
  7918 | D:7      | Found a stormy altar of Qazlal.
  8181 | D:7      | Found a glowing golden altar of the Shining One.
  8281 | D:8      | Reached skill level 12 in Ranged Weapons
  8390 | D:8      | Acquired a +1 arbalest of freezing
  8437 | D:8      | Found a shadowy altar of Dithmenos.
  8854 | D:8      | Identified the amulet of Noluff {Faith +Inv rN+}
  8897 | D:8      | Found a sparkling altar of Nemelex Xobeh.
  8987 | D:9      | Found a snail-covered altar of Cheibriados.
  9123 | D:9      | Noticed a two-headed ogre
  9141 | D:9      | Killed a two-headed ogre
  9142 | D:9      | Reached skill level 13 in Ranged Weapons
  9142 | D:9      | Reached XP level 11. HP: 87/87 MP: 11/11
  9612 | D:9      | Reached skill level 1 in Invocations
  9749 | D:9      | Found a staircase to the Orcish Mines.
  9797 | D:9      | Reached *** piety under Hepliaklqana
 10081 | D:10     | Entered Level 10 of the Dungeon
 10249 | D:10     | Found an opulent altar of Gozag.
 10335 | D:10     | Noticed a cyclops
 10339 | D:10     | Killed a cyclops
 10340 | D:10     | Reached skill level 14 in Ranged Weapons
 10727 | D:10     | Reached skill level 5 in Invocations
 10741 | D:10     | Found an ornate altar of the Wu Jian Council.
 10742 | D:10     | Found a blossoming altar of Fedhas.
 10764 | D:10     | Found an iron altar of Okawaru.
 10951 | D:11     | Noticed Nergalle
 11103 | D:10     | Killed Nergalle
 11311 | D:11     | Reached **** piety under Hepliaklqana
 11344 | D:11     | Noticed a boulder beetle
 11355 | D:11     | Killed a boulder beetle
 11862 | D:11     | Found a staircase to the Lair.
 11867 | D:11     | Reached XP level 12. HP: 89/95 MP: 17/17
 11910 | D:11     | Noticed a two-headed ogre
 11920 | D:11     | Killed a two-headed ogre
 12476 | D:12     | Reached ***** piety under Hepliaklqana
 13427 | D:13     | Noticed a centaur warrior
 13449 | D:13     | Killed a centaur warrior
 13545 | D:13     | Noticed a fire dragon
 13685 | D:13     | Noticed a centaur warrior
 13690 | D:13     | Killed a centaur warrior
 13735 | D:13     | Reached skill level 15 in Ranged Weapons
 13888 | Lair:1   | Entered Level 1 of the Lair of Beasts
 13949 | Lair:1   | Noticed Urug
 14103 | Lair:1   | Killed Urug
 14548 | Lair:1   | Noticed Grum
 14551 | Lair:1   | Killed Grum
 14589 | Lair:1   | Reached skill level 10 in Fighting
 14712 | Lair:1   | Gained mutation: You can use your snake-like lower body to
                  | constrict enemies. [Naga growth]
 14712 | Lair:1   | Reached XP level 13. HP: 105/110 MP: 18/18
 15115 | Lair:2   | Found a staircase to the Snake Pit.
 15154 | Lair:2   | Found a frozen archway.
 15167 | Lair:2   | Reached skill level 16 in Ranged Weapons
 15271 | IceCv    | Entered an ice cave
 17720 | IceCv    | Noticed a quicksilver ooze
 17726 | IceCv    | Killed a quicksilver ooze
 18021 | IceCv    | Found a viscous altar of Jiyva.
 18021 | IceCv    | Noticed an azure jelly
 18027 | IceCv    | Killed an azure jelly
 18028 | IceCv    | Reached skill level 17 in Ranged Weapons
 18236 | IceCv    | Identified the +8 ice dragon scales "Xeewn" {rF- rC++
                  | Regen+ Dex+5}
 18620 | Lair:2   | Found a staircase to the Swamp.
 19522 | Lair:3   | Reached XP level 14. HP: 118/118 MP: 20/20
 19538 | Lair:3   | Reached skill level 18 in Ranged Weapons
 19559 | Lair:3   | Reached ****** piety under Hepliaklqana
 19696 | Lair:3   | Reached skill level 1 in Evocations
 19844 | Lair:3   | Reached skill level 1 in Armour
 20292 | Lair:5   | Entered Level 5 of the Lair of Beasts
 20478 | Lair:5   | Noticed a dire elephant
 20479 | Lair:5   | Noticed a dire elephant
 20483 | Lair:5   | Noticed a dire elephant
 20487 | Lair:5   | Noticed a dire elephant
 20498 | Lair:5   | Killed a dire elephant
 20499 | Lair:5   | Reached skill level 5 in Dodging
 20502 | Lair:5   | Killed a dire elephant
 20635 | Lair:5   | Found an ornate altar of the Wu Jian Council.
 20657 | Lair:5   | Found a hide-covered altar of Uskayaw.
 21246 | Lair:5   | Reached skill level 10 in Stealth
 21246 | Lair:5   | Reached skill level 5 in Evocations
 21410 | Lair:5   | Reached XP level 15. HP: 91/118 MP: 21/21
 21614 | Lair:5   | Identified the +1 spear "Bykloytwau" {drain, rCorr Int+3
                  | Dex+3 Stlth-}
 21738 | Lair:5   | Reached skill level 5 in Armour
 21773 | Lair:5   | Identified the +2 hand cannon of Dithmenos's Hope {flame,
                  | rPois Will+ rCorr Str+3}
 22081 | Orc:1    | Entered Level 1 of the Orcish Mines
 22406 | Orc:1    | Gained mutation: You are frail. (-10% HP) [a neqoxec]
 22492 | Orc:1    | Lost mutation: You are frail. (-10% HP) [potion of
                  | mutation]
 22492 | Orc:1    | Gained mutation: You have a pair of small horns on your
                  | head. [potion of mutation]
 22492 | Orc:1    | Gained mutation: You are frail. (-10% HP) [potion of
                  | mutation]
 22492 | Orc:1    | Gained mutation: Your mind is acute. (Int +4, Str/Dex -1)
                  | [potion of mutation]
 22493 | Orc:1    | Lost mutation: Your mind is acute. (Int +4, Str/Dex -1)
                  | [potion of mutation]
 22493 | Orc:1    | Lost mutation: You are frail. (-10% HP) [potion of
                  | mutation]
 22493 | Orc:1    | Lost mutation: You have a pair of small horns on your head.
                  | [potion of mutation]
 22493 | Orc:1    | Gained mutation: You are agile. (Dex +4, Str/Int -1)
                  | [potion of mutation]
 22493 | Orc:1    | Gained mutation: You have very sharp teeth. [potion of
                  | mutation]
 22499 | Orc:1    | Noticed Sonja
 22504 | Orc:1    | Killed Sonja
 22505 | Orc:1    | Reached skill level 1 in Shields
 22753 | Orc:2    | Entered Level 2 of the Orcish Mines
 22753 | Orc:2    | Found a staircase to the Elven Halls.
 23288 | Orc:2    | Noticed Snorg
 23292 | Orc:2    | Killed Snorg
 23715 | Orc:2    | Found Vyimmiro's Armour Shoppe.
 23848 | Orc:2    | Found Baoxel's General Store.
 23894 | Orc:2    | Found Ygenlix's Armour Shop.
 23895 | Orc:2    | Found a roughly hewn altar of Beogh.
 23896 | Orc:2    | Found Buidebu's Distillery.
 23902 | Orc:2    | Bought a potion of curing for 45 gold pieces
 24456 | D:13     | Found a gate to the Vaults.
 24497 | D:13     | Identified the ring "Utupp" {Will+ rCorr}
 25526 | D:14     | Reached XP level 16. HP: 119/133 MP: 22/22
 25551 | D:14     | Found a broken altar of Ashenzari.
 25730 | D:14     | Found Izelog's Superior Scales.
 26046 | D:15     | Entered Level 15 of the Dungeon
 26124 | D:15     | Noticed a tengu reaver
 26673 | D:15     | Killed a tengu reaver
 27183 | D:15     | Found a staircase to the Depths.
 27453 | Snake:1  | Entered Level 1 of the Snake Pit
 28238 | Snake:1  | Noticed Rupert
 28243 | Snake:1  | Killed Rupert
 29283 | Snake:2  | Noticed Vashnia
 30107 | Snake:2  | Killed Vashnia
 30280 | Snake:2  | Reached XP level 17. HP: 145/145 MP: 23/23
 30591 | Snake:2  | Reached skill level 10 in Dodging
 30934 | Swamp:1  | Entered Level 1 of the Swamp
 31238 | Swamp:1  | You fall into a shaft and drop 1 floor!
 31867 | Swamp:1  | Found a runed translucent gate.
 31867 | Swamp:1  | Found a runed translucent gate.
 31867 | Swamp:1  | Found a runed translucent gate.
 31868 | Swamp:1  | Noticed BassonBusker's ghost (journeyman MDFE)
 32151 | Swamp:1  | Killed BassonBusker's ghost
 32166 | Swamp:1  | Identified the amulet of the Endless Expanse {Acrobat
                  | ^Contam Int+2 Slay+2 Stlth+}
 32373 | Swamp:3  | Reached skill level 10 in Armour
 32749 | Swamp:4  | Entered Level 4 of the Swamp
 33067 | Swamp:4  | Reached XP level 18. HP: 145/157 MP: 24/24
 33108 | Swamp:4  | Reached skill level 19 in Ranged Weapons
 33600 | Swamp:4  | Got a decaying rune of Zot
 33919 | Snake:3  | Slain by a naga warrior

Illustrated notes

Levels and vault maps discovered:
D:1:      hellmonk_arrival_library, layout_loops_corners, serial_shops, shop
D:2:      layout_rooms, serial_shops, shop
D:3:      minmay_thinvault, layout_loops_corners, serial_forest,
          infiniplex_forest_straight_2, infiniplex_forest_clump_curved,
          infiniplex_forest_lined_corner, infiniplex_forest_clump_small,
          grunt_decor_resistance, corner_web_ring,
          hangedman_abyss_or_decor_stabs, nrook_campfire
D:4:      layout_basic, nicolae_hepliaklqana_hazy_memory,
          nicolae_houndstooth_variations
D:5:      layout_rooms, nicolae_overflow_hidden_temple,
          nicolae_elyvilon_peaceful_grove, mainiacjoe_ossuary_entry_dusty_tomb
D:6:      layout_basic, temple_pool_b
D:7:      layout_rooms, mainiacjoe_overflow_brackets,
          mainiacjoe_overflow_alcove_1, enter_bailey_3
D:8:      layout_rooms, grunt_dithmenos_smoke, nemelex_diamond_rough_becter,
          chequers_serial_rivers_room_b
D:9:      layout_loops_cross, mainiacjoe_overflow_concentric_impassable,
          david_orc_4
D:10:     layout_small_grid, grunt_gozag_statues, kennysheep_okawaru_gauntlet,
          mainiacjoe_overflow_divided_tiny, grunt_decor_cap,
          minmay_increasing_density
D:11:     layout_loops_corners, due_lair_maze_entry_diamond, uniq_nergalle
D:12:     layout_basic, minivault_16
D:13:     layout_basic, skrybe_vaults_entry_preservation, st_stairs_13
D:14:     layout_roguey, nicolae_ashenzari_skybound, hellmonk_scale_shop
D:15:     hellmonk_depths_entry_around_the_bend, layout_long_grid,
          chequers_serial_rivers_micro_c, minmay_misc_feat_diagonals,
          minivault_19
Lair:1:   layout_hall_layers, grunt_megastairs_3, uniq_grum, uniq_urug
Lair:2:   statuecave_lemuel, layout_regular_city, palyth_hydra_swamp_entry,
          guppyfry_snake_entry_garden, portal_ice_cave_rime
Lair:3:   layout_chaotic_city
Lair:4:   layout_cave_pods, minmay_slime_entry_jelly_boxes, minmay_holes,
          serial_bayou_pond_b, st_stairs_10
Lair:5:   due_jungle_book, layout_big_grid, nzn_masters_of_martial_movement
Swamp:1:  layout_basic_swamp, ebering_ghost_rock_garden,
          evilmike_swamp_ruin_house_3, infiniplex_staircase_pool
Swamp:2:  layout_basic_swamp, serial_swamp_ruin, evilmike_swamp_ruin_rubble_1,
          evilmike_swamp_ruin_house_2, swamp_pool_3
Swamp:3:  layout_falls_marsh, nicolae_swamp_tree_isthmus, swamp_pool_3
Swamp:4:  swamp_fiery, layout_basic_swamp
Snake:1:  layout_layer_cave, grunt_megastairs_1, serial_bayou_shore_b,
          uniq_rupert
Snake:2:  layout_misc_corridors, nicolae_snake_gridmaze_swirls,
          nicolae_snake_squiggles, uniq_vashnia
Snake:3:  onia_ninara_swampy_vault, layout_rooms, nicolae_shop_vocational,
          minmay_shoptagon, uniq_agnes
Orc:1:    layout_caves, nicolae_orc_lava_tube, uniq_sonja
Orc:2:    hellmonk_orc_salted, layout_diamond_mine, uniq_snorg

Skill      XL: |  1  2  3  4  5  6  7  8  9 10 11 12 13 14 15 16 17 18 |
---------------+-------------------------------------------------------+-----
Ranged Weapons | 1 3 4 5 8 9 10 13 14 15 17 18 19 | 19.1
Fighting       | 3 5 6 10 12 14 | 14.0
Dodging        | 3 4 6 8 9 10 | 10.0
Invocations    | 7 8 |  8.0
Stealth        | 10 | 10.0
Evocations     | 5 7 |  7.0
Armour         | 4 6 8 10 11 | 11.0
Shields        | 4 |  4.0
Short Blades   | |  2.6
Throwing       | |  1.7

Action                     |  1- 3 |  4- 6 |  7- 9 | 10-12 | 13-15 | 16-18 || total
---------------------------+-------+-------+-------+-------+-------+-------++-------
  Melee: Dagger            |    24 |       |     4 |       |       |       ||    28
   Fire: Sling             |    50 |   138 |   453 |    53 |       |       ||   694
         Shortbow          |       |       |       |    80 |       |       ||    80
         Arbalest          |       |       |       |   494 |   611 |       ||  1105
         Hand cannon       |       |       |       |       |   272 |   432 ||   704
         Longbow           |       |       |       |       |       |   293 ||   293
  Throw: Dart              |       |     5 |     9 |     8 |     1 |       ||    23
 Invoke: Ancestor Life: Kn |       |       |       |     1 |       |       ||     1
         Recall Ancestor   |       |       |       |     1 |     3 |     6 ||    10
         Idealise          |       |       |       |       |    12 |     5 ||    17
Ability: Spit Poison       |     3 |     2 |     4 |     2 |       |     1 ||    12
  Evoke: Wand              |       |       |     3 |     4 |     9 |     4 ||    20
    Use: Scroll            |       |     4 |     8 |    16 |     9 |    11 ||    48
         Potion            |       |     1 |     3 |     3 |     2 |     3 ||    12
   Stab: Sleeping          |     3 |       |       |       |       |       ||     3
 Armour: Robe              |    26 |    43 |   150 |    59 |       |       ||   278
         Leather armour    |       |       |       |   115 |    39 |       ||   154
         Skin              |       |       |       |     1 |       |       ||     1
         Ice dragon scales |       |       |       |       |   337 |   338 ||   675
  Dodge: Dodged            |    12 |    30 |    93 |   103 |   164 |   134 ||   536
  Block: Buckler           |       |       |       |       |    30 |    63 ||    93

Table legend: (Time is in decaauts)
 A = Elapsed time spent in this place.
 B = Non-inter-level travel time spent in this place.
 C = Inter-level travel time spent in this place.
 D = Time resting spent in this place.
 E = Time spent auto-exploring this place.
 F = Levels seen in this place.
 G = Mean time per level.
                   A        B        C        D        E       F      G
               +--------+--------+--------+--------+--------+-----+--------+
         Total |  42158 |  39321 |   2837 |   8383 |  24671 |  32 | 1317.4 |
       Dungeon |  19902 |  18531 |   1371 |   2242 |  13781 |  15 | 1326.8 |
          Lair |   6830 |   6122 |    708 |   1089 |   3799 |   5 | 1366.0 |
         Swamp |   3438 |   3145 |    293 |    200 |   2371 |   4 |  859.5 |
     Snake Pit |   4387 |   4096 |    291 |   1140 |   2406 |   3 | 1462.3 |
  Orcish Mines |   2492 |   2320 |    172 |    381 |   1502 |   2 | 1246.0 |
       Ossuary |    731 |    731 |      0 |    301 |    213 |   1 |  731.0 |
        Bailey |   1167 |   1167 |      0 |    521 |    333 |   1 | 1167.0 |
      Ice Cave |   3208 |   3208 |      0 |   2506 |    263 |   1 | 3208.0 |
               +--------+--------+--------+--------+--------+-----+--------+

Top non-repeatable levels by time:
   IceCv: 3208 daAuts
 Snake:1: 2722 daAuts
  Lair:5: 1943 daAuts
    D:13: 1899 daAuts
  Lair:2: 1813 daAuts
     D:9: 1693 daAuts
  Lair:1: 1618 daAuts
    D:12: 1590 daAuts
     D:3: 1588 daAuts
 Snake:2: 1584 daAuts
    D:11: 1549 daAuts
   Orc:2: 1543 daAuts
    D:10: 1534 daAuts
     D:4: 1519 daAuts
    D:15: 1497 daAuts
